AoeStats
← Shredded_Pork

Arabia

507482359Analyzed
4v4 RM · 14d ago on Sep 18, 2026· 52m 1s· 8 players
Game mode
Random Map
Map size
Large (8 player)
Population
200
Speed
Normal
Resources
Standard
Victory
Conquest
Starting age
Dark Age
Ending age
Imperial Age
RankedLock teamsTeams togetherTeam positionsShared explorationLock speedFull tech treeHidden civsTurbo modeCheats
Victory
Defeat
🇻🇳 Turks · Vietnam
747
+14
🇨🇳 Tatars · China
730
+15
🇨🇳 Poles · China
697
+16
🇨🇳 Saracens · China
687
+16
🇩🇪 Franks · Germany
761
-18
🇹🇷 Wu · Türkiye
738
-17
🇷🇺 Britons · Russia
647
-13
🇦🇺 Huns · Australia
640
-13
ZLinzzz
11:25 Feudal Age
11:52 Double-Bit Axe
11:49 Horse Collar
12:02 Gold Mining
12:03 Stone Mining
26:43 Castle Age
26:32 Bloodlines
27:05 Wheelbarrow
27:10 Forging
27:07 Scale Barding Armor
28:01 Bow Saw
28:44 Caravan
31:46 Caravan
32:02 Heavy Plow
33:43 Hand Cart
35:28 Szlachta Privileges
35:29 Husbandry
38:30 Iron Casting
38:15 Chain Barding Armor
40:58 Imperial Age
42:45 Blast Furnace
41:47 Scale Mail Armor
41:38 Fletching
41:48 Padded Archer Armor
41:10 Cavalier
42:13 Conscription
44:47 Crop Rotation
45:11 Squires
44:31 Pikeman
44:57 Arson
46:38 Stone Shaft Mining
47:05 Treadmill Crane
47:11 Arrowslits
47:37 Fortified Wall
47:22 Murder Holes
47:34 Murder Holes
48:02 Ballistics
47:53 Fortified Wall
49:15 Onager
51:30 Chemistry
50:41 Masonry
Shredded_Pork
11:35 Feudal Age
22:28 Castle Age
20:30 Double-Bit Axe
21:35 Stone Mining
22:03 Gold Mining
21:56 Horse Collar
27:23 Bow Saw
29:57 Gold Shaft Mining
30:31 Husbandry
40:12 Imperial Age
37:49 Heavy Plow
39:54 Wheelbarrow
39:44 Forging
39:40 Scale Barding Armor
40:35 Bloodlines
41:12 Iron Casting
42:01 Two-Man Saw
41:22 Hand Cart
40:48 Elite Mameluke
42:19 Chain Barding Armor
42:26 Conscription
43:57 Blast Furnace
51:22 Plate Barding Armor
Peter Xavier
0:31 Loom
0:58 Loom
13:00 Feudal Age
19:47 Castle Age
18:54 Double-Bit Axe
18:57 Horse Collar
26:23 Imperial Age
25:18 Scale Mail Armor
25:41 Padded Archer Armor
26:16 Fletching
26:21 Gold Mining
28:14 Bow Saw
29:06 Wheelbarrow
30:14 Two-Man Saw
30:06 Heavy Plow
32:26 Forging
32:34 Hand Cart
32:29 Artillery
34:40 Bloodlines
34:15 Elite Janissary
36:30 Stone Mining
37:16 Gold Shaft Mining
37:16 Sipahi
37:47 Hoardings
37:59 Bombard Tower
38:01 Ballistics
37:51 Caravan
39:02 Coinage
40:08 Scale Barding Armor
41:14 Chain Barding Armor
41:11 Chain Mail Armor
41:32 Iron Casting
42:53 Banking
44:07 Plate Barding Armor
43:45 Guilds
43:26 Town Watch
44:15 Conscription
44:01 Husbandry
43:45 Heavy Camel Rider
47:46 Blast Furnace
47:17 Plate Mail Armor
46:43 Bodkin Arrow
47:04 Leather Archer Armor
50:55 Bracer
50:40 Treadmill Crane
51:11 Masonry
51:12 Fortified Wall
noob
11:36 Feudal Age
9:54 Loom
12:25 Horse Collar
12:34 Double-Bit Axe
17:15 Castle Age
18:23 Bow Saw
19:16 Town Watch
21:52 Heavy Plow
29:11 Gold Mining
30:12 Fletching
30:23 Padded Archer Armor
33:27 Imperial Age
32:14 Masonry
31:47 Treadmill Crane
33:01 Gold Shaft Mining
32:25 Bodkin Arrow
32:55 Stone Mining
34:06 Leather Archer Armor
33:58 Scale Barding Armor
34:04 Forging
34:54 Silk Armor
36:28 Chain Barding Armor
36:52 Ballistics
37:02 Bracer
38:10 Iron Casting
38:49 Ring Archer Armor
39:18 Conscription
39:39 Bloodlines
39:30 Husbandry
40:19 Plate Barding Armor
40:46 Blast Furnace
41:01 Blast Furnace
41:37 Wheelbarrow
41:03 Town Patrol
42:00 Heavy Cavalry Archer
43:29 Hand Cart
43:02 Light Cavalry
44:27 Crop Rotation
45:14 Scale Mail Armor
45:17 Squires
zauberkugel112
0:26 Loom
11:04 Feudal Age
13:27 Wheelbarrow
13:11 Double-Bit Axe
24:26 Castle Age
22:25 Gold Mining
23:41 Stone Mining
26:18 Gold Shaft Mining
27:13 Husbandry
27:26 Scale Barding Armor
27:34 Forging
30:03 Hand Cart
38:17 Imperial Age
36:49 Chain Barding Armor
38:40 Cavalier
39:36 Squires
39:50 Arson
39:26 Pikeman
40:13 Scale Mail Armor
41:44 Plate Barding Armor
42:13 Conscription
42:14 #83
44:41 Iron Casting
44:22 Chain Mail Armor
44:34 Fortified Wall
44:39 Caravan
46:35 Chemistry
46:03 Bow Saw
48:30 Blast Furnace
50:07 Elite Throwing Axeman
birtanonline
0:48 Loom
12:45 Feudal Age
13:15 Double-Bit Axe
13:25 Horse Collar
15:00 Town Watch
16:06 Stone Mining
17:08 Gold Mining
19:10 Wheelbarrow
24:33 Castle Age
24:00 Fletching
24:11 Padded Archer Armor
25:24 Bow Saw
25:17 Heavy Plow
25:14 Bodkin Arrow
26:16 Stone Shaft Mining
26:53 Gold Shaft Mining
27:31 Leather Archer Armor
28:06 Town Patrol
29:11 Fervor
29:35 Hand Cart
30:13 Caravan
31:27 Treadmill Crane
31:58 Masonry
32:31 Ballistics
33:20 Murder Holes
37:48 Imperial Age
37:11 Red Cliffs Tactics
39:06 Conscription
38:09 Elite Fire Archer
38:50 Sitting Tiger
39:54 Two-Man Saw
39:10 Bracer
39:55 Conscription
38:55 Elite Fire Archer
39:35 Sitting Tiger
39:54 Guilds
41:00 Architecture
44:38 Chemistry
xLEOx
13:39 Feudal Age
17:56 Castle Age
16:16 Double-Bit Axe
16:23 Horse Collar
20:00 Heavy Plow
20:12 Bow Saw
26:53 Wheelbarrow
27:57 Hand Cart
31:37 Imperial Age
35:37 Two-Man Saw
37:06 Padded Archer Armor
36:59 Fletching
37:03 Pikeman
37:43 Squires
38:27 Elite Longbowman
39:37 Yeomen
39:40 Conscription
43:55 Bodkin Arrow
44:17 Leather Archer Armor
44:16 Forging
44:12 Scale Barding Armor
45:02 Ballistics
47:00 Bracer
47:31 Ring Archer Armor
49:40 Chemistry
49:39 Husbandry
50:57 Iron Casting
50:43 Chain Barding Armor
23a.mora
10:10 Feudal Age
10:45 Double-Bit Axe
10:44 Horse Collar
12:10 Gold Mining
14:18 Stone Mining
16:26 Wheelbarrow
20:54 Castle Age
20:22 Forging
20:18 Scale Barding Armor
20:14 Scale Mail Armor
20:19 Padded Archer Armor
21:48 Heavy Plow
22:01 Bow Saw
22:28 Gold Shaft Mining
22:44 Hand Cart
26:51 Caravan
34:37 Imperial Age
34:54 Elite Tarkan
35:55 Conscription
36:11 Husbandry
37:21 Two-Man Saw
39:13 Atheism
38:54 Marauders
39:43 Town Watch
39:45 Loom
41:20 Iron Casting
41:00 Chain Mail Armor
41:05 Chain Barding Armor
41:01 Leather Archer Armor
40:36 Fletching
43:54 Blast Furnace
45:23 Plate Barding Armor
45:08 Cavalier
47:20 Paladin
51:36 Light Cavalry
Connection lost

Rejoining the realm…

Still unreachable

The connection could not be restored.

Session expired

The server has moved on; the page needs a fresh start.